 Dungeon Crawl Stone Soup version 0.24-a0-201-gf205589 (webtiles) character file.

Game seed: 13128644270289235728

140 tatocazan the Charmwright (level 5, -1/40 HPs)
             Began as a Merfolk Skald on Mar 26, 2019.
             Slain by an orc
             ... wielding a +0 flail
              (7 damage)
             ... on level 3 of the Dungeon.
             The game lasted 00:05:18 (3858 turns).

tatocazan the Charmwright (Merfolk Skald)           Turns: 3858, Time: 00:05:19

Health: -1/40      AC:  4    Str: 11    XL:     5   Next: 22%
Magic:  6/8        EV: 13    Int: 14    God:
Gold:   64         SH:  0    Dex: 13    Spells: 8/9 levels left

rFire    . . .     SeeInvis +   a - +0 spear
rCold    . . .     Gourm    .   (no shield)
rNeg     + . .     Faith    .   b - +0 leather armour
rPois    .         Spirit   .   m - +0 helmet
rElec    .         Reflect  .   (no cloak)
rCorr    .         Harm     .   (no gloves)
MR       .....                  (no boots)
Stlth    ++........             (no amulet)
HPRegen  0.13/turn              k - ring of see invisible
MPRegen  0.11/turn              l - ring of positive energy

@: infused
A: change form in water, swift swim, stealthy swim
a: no special abilities


You were on level 3 of the Dungeon.
You were not hungry.

You visited 1 branch of the dungeon, and saw 3 of its levels.

You collected 64 gold pieces.

Inventory:

Hand Weapons
 a - a +0 spear (weapon)
Armour
 b - a +0 leather armour (worn)
 m - a +0 helmet (worn)
Jewellery
 k - a ring of see invisible (left hand)
 l - a ring of positive energy (right hand)
Scrolls
 c - 2 scrolls of teleportation {unknown}
 f - 6 scrolls of identify {unknown}
 h - a scroll of magic mapping {unknown}
 j - a scroll of noise {unknown}
 n - a scroll of enchant armour {unknown}
Potions
 e - 3 potions of agility {unknown}
 g - a potion of haste {unknown}
 i - a potion of might {unknown}
Comestibles
 d - 8 rations


   Skills:
 + Level 2.8 Fighting
 + Level 4.0 Polearms
 - Level 0.6 Armour
 + Level 3.6 Dodging
 + Level 1.9 Stealth
 + Level 2.5 Spellcasting
 * Level 4.3 Charms


You had 8 spell levels left.
You knew the following spells:

 Your Spells              Type           Power        Failure   Level  Hunger
a - Infusion              Chrm           ##..         4%          1    #......

Your spell library contained the following spells:

 Spells                   Type           Power        Failure   Level  Hunger
 Song of Slaying          Chrm           ##......     8%          2    ###....
 Shroud of Golubria       Chrm/Tloc      #.........   19%         2    ###....
 Regeneration             Chrm/Necr      #.........   36%         3    ###....
 Spectral Weapon          Hex/Chrm       #.......     36%         3    ###....


Dungeon Overview and Level Annotations

Branches:
Dungeon (3/15)

Altars:


Message History

You take 4 damage, and have 36/40 hp.
You now have 5/8 mp.
You hit the orc but do no damage.
The orc is lightly wounded.
The orc barely misses you.
You hit the orc but do no damage.
The orc is lightly wounded.
An adder comes into view.
The orc priest calls down the wrath of Beogh upon you.
Beogh smites you!
You take 12 damage, and have 24/40 hp.
MASSIVE DAMAGE!!
You are too injured to fight recklessly!
The orc hits you but does no damage. The orc hits you with a +0 flail.
You take 6 damage, and have 18/40 hp.
The orc priest shouts!
The orc priest mumbles some strange prayers to Beogh against you.
Beogh smites you!
* * * LOW HITPOINT WARNING * * *
The orc closely misses you. The orc hits you with a +0 flail!
You die...

####..........# ..
#..........o..# #.#
#+##...)).....## ####...
##..........# .....#
#........#.#### #....# ..
#...(.........#####....###..
#.......................#...
#...(......!....).........#.
##..........@..†..........##[
#.........o.oo.......#.#..#..
######........#.S...............#
....###......##..........#(<...##
o.......######............)[#....
##o####........................#.
≈≈.≈≈≈##.....##...........###....
≈....≈≈#...................##.##.
...≈o.≈#.(............##.......#.


You could see 2 orc priests, an adder (wandering) and 2 orcs.

Vanquished Creatures
  A jelly (D:3)
  4 adders
  A river rat (D:3)
  An ooze (D:1)
  2 worms (D:2)
  2 dart slugs
  3 leopard geckos
  4 orcs (D:3)
  2 giant cockroaches
  5 goblins
  4 hobgoblins
  6 kobolds
  2 ball pythons
  5 bats
  8 rats
50 creatures vanquished.

Notes
Turn   | Place    | Note
-------+----------+-------------------------------------------
     0 | D:1      | tatocazan the Merfolk Skald began the quest for the Orb.
     0 | D:1      | Reached XP level 1. HP: 16/16 MP: 3/3
   497 | D:1      | Reached XP level 2. HP: 22/22 MP: 0/5
  1041 | D:2      | Reached skill level 1 in Stealth
  1041 | D:2      | Reached XP level 3. HP: 13/28 MP: 0/6
  2467 | D:2      | Reached XP level 4. HP: 34/34 MP: 1/7
  3272 | D:3      | Reached XP level 5. HP: 33/40 MP: 3/8
  3858 | D:3      | Slain by an orc

Levels and vault maps discovered:
D:1:      dpeg_arrival_rooms_c, layout_rooms
D:2:      layout_loops_corners, small_statue_intersection
D:3:      layout_rooms, makhleb_grotto_becter,
          nemelex_xobeh_ov_fountains_minmay, portal_sewer_entry_a,
          kennysheep_another_room, kennysheep_slug_shrine

Skill      XL: |  1  2  3  4  5 |
---------------+----------------+-----
Dodging        | 3 |  3.6
Stealth        | 1 |  1.9
Charms         | 4 |  4.3
Polearms       | 4 |  4.0
Fighting       | |  2.8
Armour         | |  0.6
Spellcasting   | |  2.5

Action                   |  1- 3 |  4- 6 || total
-------------------------+-------+-------++-------
Melee: Spear             |   111 |    84 ||   195
 Cast: Infusion          |    14 |    11 ||    25
 Stab: Sleeping          |     4 |       ||     4
  Eat: Chunk             |     5 |     1 ||     6
       Ration            |       |     1 ||     1
Armor: Leather armour    |    15 |    16 ||    31
Dodge: Dodged            |    44 |    61 ||   105

Table legend:
 A = Non-vault XP
 B = Vault XP
 C = Vault XP percentage of total XP
 D = Non-vault monster count
 E = Vault monster count
 F = Vault count percentage of total count
                 A         B        C        D         E       F
            +---------+---------+-------+---------+---------+-------
      Total |     179 |      21 |  10.5 |      45 |       5 |  10.0
            +---------+---------+-------+---------+---------+-------
        D:1 |      29 |       0 |   0.0 |      14 |       0 |   0.0
        D:2 |      58 |       1 |   1.7 |      15 |       1 |   6.2
        D:3 |      92 |      20 |  17.9 |      16 |       4 |  20.0
            +---------+---------+-------+---------+---------+-------
